FIQ, neutral female sylph Wizard --.|.-------.---.|. |.|.............|.|...| ----.|.----------|.|.---- .....|.|.........|...|... --.----|.......*.|.---.|. |.|...-....<....|.|...|. M-----.|.--|.......^*|.----|. .@.|...|...|.........|...| |. .|--.---.---.|------------.|--. .| |...|...|.|...........|.|... -- ---.-----^|.-------.|.|.---. |...|...|...|.....|.|..... |...|.---.--|. |.....|...| |. ----------- -- FIQ the Thaumaturge Experience level: 8 Strength: 11 Dexterity: 10 Constitution: 16 Intelligence: 19 Wisdom: 12 Charisma: 10 Health: 0(78) Energy: 78(86) Def: 1 Gold: 34 Moves: 6869 Dungeon seed: Eu7yRwPtyUdF6G6y Game ID: FIQ_1438877479 Your Inventory: Coins $ - 34 gold pieces Weapons a - the uncursed rustproof +0 Magicbane (weapon in hand) Armor e - an uncursed +0 cloak of magic resistance (being worn) q - an uncursed +0 cornuthaum (being worn) Comestibles l - 2 uncursed food rations r - 2 uncursed eggs s - an uncursed carrot v - an uncursed sprig of wolfsbane P - 2 uncursed lizard corpses X - an uncursed lembas wafer Z - 2 uncursed tripe rations Scrolls j - a cursed scroll of teleportation Rings c - an uncursed +8 ring of increase accuracy (on left hand) C - an uncursed ring of conflict Wands p - an uncursed wand of teleportation (0:4) t - an uncursed wand of probing (0:6) Tools b - an uncursed sack h - an uncursed +0 unicorn horn k - an uncursed skeleton key o - an uncursed magic marker (0:81) Contents of the sack: 323 gold pieces an uncursed amulet of magical breathing an uncursed +0 pair of elven boots an uncursed +0 pair of speed boots an uncursed +0 pair of speed boots 3 uncursed scrolls of blank paper an uncursed scroll of confuse monster an uncursed scroll of create monster 2 uncursed scrolls of enchant weapon an uncursed scroll of fire 3 uncursed scrolls of light a blessed scroll of teleportation an uncursed scroll of teleportation an uncursed spellbook of blank paper an uncursed spellbook of clairvoyance an uncursed spellbook of magic missile an uncursed spellbook of wizard lock 2 uncursed potions of booze a blessed potion of extra healing an uncursed potion of fruit juice an uncursed potion of gain energy an uncursed potion of hallucination 2 uncursed potions of healing 2 potions of holy water 2 uncursed potions of monster detection 3 uncursed potions of object detection 2 uncursed potions of water an uncursed ring of invisibility an uncursed ring of teleport control an uncursed wand of digging (0:5) an uncursed wand of enlightenment (0:10) an uncursed wand of locking (0:5) an uncursed wand of magic missile (0:3) an uncursed wand of opening (0:8) an uncursed wand of striking (0:7) 3 uncursed worthless pieces of white glass an uncursed worthless piece of yellowish brown glass Spells and supernatural/magical abilities: Name Level Category Fail Memory b - force bolt 1 attack 0% 66% f - fireball 4 attack 56% 81% m - magic missile 2 attack 0% 66% r - remove curse 3 clerical 0% 91% v - clairvoyance 3 divination 71% 99% w - wizard lock 2 matter 37% 92% C - create monster 2 clerical 0% 66% W - pray for help -- divine ? -- Your skills at the end: Fighting Skills Weapon Skills quarterstaff [Basic] Spellcasting Skills attack spells [Basic] enchantment spells [Basic] clerical spells [Basic] Final Attributes: You were nominally aligned. You were magic-protected. You had woundedlegs. You saw invisible. You were telepathic. You were clairvoyant. You had infravision. You were stealthy. You had a +8 bonus to hit. You were protected from shape changers. You are dead. Vanquished creatures: a vampire a dwarf king a leather golem 2 watchmen a wolf a leprechaun an iron piercer 3 giant spiders a horse a black light a gnome king 2 orc mummies a dwarf mummy 2 brown puddings 2 lizards 2 dingos a jaguar a dwarf lord 2 water nymphs a white unicorn 2 ravens a plains centaur 2 snakes an ape 2 Woodland-elves a fire ant 2 wood nymphs a rock mole 2 ponies a yellow light 3 shriekers 5 gnome lords 4 gnomish wizards a gray ooze a barrow wight 2 paper golems a baby crocodile 4 floating eyes a kitten 17 dwarves 2 homunculi a kobold shaman 2 rothes a centipede 6 monkeys 2 orc zombies a dwarf zombie 4 iguanas 3 acid blobs 2 coyotes 2 gas spores 4 hobbits a hobgoblin a giant rat 5 cave spiders a brown mold 2 yellow molds a red mold 38 gnomes 6 garter snakes a gnome zombie 5 geckos 11 jackals a kobold a goblin 8 sewer rats 6 grid bugs 11 lichens 7 newts 218 creatures vanquished. Voluntary challenges: You used a wielded weapon 181 times, starting on turn 249. You read items or engraved 46 times, starting on turn 3. You never genocided any monsters. You never polymorphed an object. You never changed form. You used no wishes. You never split a pudding. You wrote Elbereth's name 6 times, starting on turn 2090. You violated your moral code, losing 20 points of alignment, starting on turn 1762. Dungeon overview: The Dungeons of Doom: levels 1 to 4 Level 1 an altar to Thoth a long staircase Level 2 an armor shop Level 3 an altar to Thoth stairs to The Gnomish Mines Level 4 a fountain The Gnomish Mines: levels 4 to 12 Level 4 stairs to The Dungeons of Doom Level 5 Level 6 Level 7 many shops, a temple to Thoth, some fountains, a sink Level 8 Level 9 Level 10 Level 11 Level 12 <- You were here History has recorded: On T:1 you entered the Dungeons of Doom to retrieve the Amulet of Yendor! On T:392 you reached level 2 of The Dungeons of Doom. On T:399 you advanced to experience level 2. On T:979 you reached level 3 of The Dungeons of Doom. On T:1027 you advanced to experience level 3. On T:1254 you advanced to experience level 4. On T:1545 you reached level 4 of The Dungeons of Doom. On T:1990 you advanced to experience level 5. On T:2336 you reached level 1 of The Gnomish Mines. On T:2768 you advanced to experience level 6. On T:2979 you reached level 2 of The Gnomish Mines. On T:3095 you reached level 3 of The Gnomish Mines. On T:3385 you reached level 4 of The Gnomish Mines. On T:3676 you advanced to experience level 7. On T:3900 you received Magicbane from Thoth. On T:4922 you reached level 5 of The Gnomish Mines. On T:5032 you advanced to experience level 8. On T:5548 you reached level 6 of The Gnomish Mines. On T:5638 you reached level 7 of The Gnomish Mines. On T:6140 you reached level 8 of The Gnomish Mines. On T:6759 you reached level 9 of The Gnomish Mines. Score breakdown: Gold: 357 ( 35 points) Experience: 8 levels ( 700 points) Exploration: 12 levels ( 330 points) Discoveries: 23 items ( 1150 points) Variety of kills: 69 monsters ( 2000 points) Major goal: (nothing yet) ( 0 points) Survival: died (score multiplied by 3) Total score: 12645 Latest messages: The magic missile misses the ettin mummy. The ettin mummy hits! (3x) You die... Final status: Goodbye FIQ the Wizard, killed by an ettin mummy... You died in The Gnomish Mines on dungeon level 12 with 12645 points, and 357 pieces of gold, after 6869 moves. You were level 8 with a maximum of 78 hit points when you died.